 Dungeon Crawl Stone Soup version 0.23.0 (webtiles) character file.

Game seed: 9472159215934740000

14023 MTVSty1e the Severer (level 11, 0/107 HPs)
             Began as a Minotaur Fighter on Feb 10, 2019.
             Was a High Priest of Okawaru.
             Slain by a raiju (3 damage)
             ... on level 3 of the Abyss.
             The game lasted 00:20:11 (12832 turns).

MTVSty1e the Severer (Minotaur Fighter)            Turns: 12832, Time: 00:20:12

Health: 0/107      AC: 14    Str: 27    XL:     11   Next: 83%
Magic:  10/10      EV:  5    Int:  5    God:    Okawaru [*****.]
Gold:   538        SH: 10    Dex: 13    Spells: 10/10 levels left

rFire    . . .     SeeInvis .   a - +0 war axe
rCold    . . .     Gourm    +   c - +0 shield
rNeg     . . .     Faith    .   d - +1 plate armour
rPois    +         Spirit   .   (helmet restricted)
rElec    .         Reflect  .   K - scarf {repulsion}
rCorr    .         Harm     .   w - +0 pair of gloves
MR       .....                  b - +0 pair of boots {Fly}
Stlth    ..........             Q - amulet of the Moon {Gourm rPois Str+3 Dex+3}
HPRegen  0.27/turn              (no ring)
MPRegen  0.12/turn              (no ring)

@: about to teleport, flying, repel missiles
A: retaliatory headbutt, horns 2
a: Heroism, Finesse, Renounce Religion, Stop Flying


You were on level 3 of the Abyss.
You worshipped Okawaru.
Okawaru was extremely pleased with you.
You were not hungry.

You visited 2 branches of the dungeon, and saw 12 of its levels.
You visited the Abyss 1 time.
You also visited: Ossuary.

You collected 538 gold pieces.

Inventory:

Hand Weapons
 a - a +0 war axe (weapon)
 v - a +0 spear of venom
Armour
 b - a +0 pair of boots of flying (worn)
 c - a +0 shield (worn)
 d - a +1 plate armour (worn)
 w - a +0 pair of gloves (worn)
 K - a scarf of repulsion (worn)
Jewellery
 l - an uncursed amulet of harm {unknown}
 B - a +3 amulet of reflection
 D - an uncursed ring of ice
 J - an uncursed ring of ice
 O - a +4 ring of evasion
 P - the amulet "Iginemee" {Gourm rElec Stlth+}
   (You found it on level 9 of the Dungeon)

   [amulet of the gourmand]

   It allows you to eat raw meat even when not hungry.
   It insulates you from electricity.
   It makes you more stealthy.
 Q - the amulet of the Moon (around neck) {Gourm rPois Str+3 Dex+3}
   (You found it on level 9 of the Dungeon)

   [amulet of the gourmand]

   It allows you to eat raw meat even when not hungry.
   It affects your strength (+3).
   It affects your dexterity (+3).
   It protects you from poison.
 R - the ring of Xom's Best Wishes {rF+ rN++ Int-5}
   (You found it on level 9 of the Dungeon)

   [ring of protection from fire]

   It affects your intelligence (-5).
   It protects you from fire.
   It greatly protects you from negative energy.
 S - the ring of the Lonely Yaks {*Corrode +Inv Str+2 Stlth+}
   (You found it on level 9 of the Dungeon)

   [ring of stealth]

   It affects your strength (+2).
   It lets you turn invisible.
   It may corrode you when you take damage.
   It makes you more stealthy.
 U - an uncursed amulet of guardian spirit {unknown}
Wands
 t - a wand of iceblast (17)
 u - a wand of disintegration (25)
 I - a wand of polymorph (12)
 L - a wand of random effects (27)
 M - a wand of paralysis (21)
 N - a wand of flame (35)
 V - a wand of scattershot (6)
Scrolls
 h - 3 scrolls of blinking
 i - 9 scrolls of remove curse
 k - 3 scrolls of amnesia
 o - 2 scrolls of magic mapping
 r - 2 scrolls of identify
 s - 2 scrolls of fog
 y - 3 scrolls of enchant armour
 E - a scroll of teleportation
 F - 2 scrolls of fear
Potions
 e - 3 potions of curing
 g - 3 potions of mutation {unknown}
 j - 2 potions of resistance {unknown}
 m - 3 potions of heal wounds {unknown}
 n - 2 potions of flight {unknown}
 p - 3 potions of berserk rage {unknown}
 q - 3 potions of invisibility {unknown}
 x - a potion of brilliance {unknown}
 z - 4 potions of lignification {unknown}
 A - 3 potions of agility
 C - 4 potions of cancellation
 G - a potion of experience {unknown}
 H - 4 potions of haste {unknown}
 T - 3 potions of magic {unknown}
Comestibles
 f - 18 rations


   Skills:
 + Level 13.3 Fighting
 * Level 17.5 Axes
 - Level 3.6 Armour
 - Level 3.6 Shields


You had 10 spell levels left.
You didn't know any spells.
Your spell library contained the following spells:

 Spells                   Type           Power        Failure   Level  Hunger
 Confusing Touch          Hex            #.....       100%        1    ##.....
 Summon Small Mammal      Summ           #...         100%        1    ##.....
 Call Imp                 Summ           #.......     100%        2    ###....
 Poisonous Vapours        Pois/Air       #.....       100%        2    ###....
 Call Canine Familiar     Summ           #.......     100%        3    ####...
 Confuse                  Hex            #.......     100%        3    ####...
 Conjure Flame            Conj/Fire      #.......     100%        3    ####...
 Gell's Gravitas          Tloc           #.........   100%        3    ####...
 Mephitic Cloud           Conj/Pois/Air  #.......     100%        3    ####...
 Summon Guardian Golem    Hex/Summ       #.......     100%        3    ####...
 Petrify                  Tmut/Erth      #.......     100%        4    #####..
 Summon Ice Beast         Ice/Summ       #.......     100%        4    #####..
 Summon Lightning Spire   Summ/Air       #.......     100%        4    #####..
 Metabolic Englaciation   Hex/Ice        #.........   100%        5    ######.
 Yara's Violent Unravell  Hex/Tmut       #.........   100%        5    ######.
 Freezing Cloud           Conj/Ice/Air   #.........   100%        6    #######
 Ring of Flames           Chrm/Fire      #.........   100%        7    #######


Dungeon Overview and Level Annotations

Branches:
Dungeon (11/15)            Temple (1/1) D:6            Lair (0/6) D:11
    Orc: D:9-12

Altars:
Ashenzari
Cheibriados
Elyvilon
Fedhas
Gozag
Hepliaklqana
Kikubaaqudgha
Makhleb
Nemelex Xobeh
Okawaru
Qazlal
Ru
Sif Muna
Trog
Uskayaw
Vehumet
Wu Jian
Xom
Yredelemnul
Zin
The Shining One

Shops:
D:4 [


Innate Abilities, Weirdness & Mutations

You reflexively headbutt those who attack you in melee.
You have a pair of horns on your head.


Message History

The raiju bites you.
* * * LOW HITPOINT WARNING * * *
The raiju shocks you!
* * * LOW HITPOINT WARNING * * *
The raiju bursts into living lightning!
The living lightning hits the raiju.
The raiju completely resists.
The living lightning hits you but does no damage.
The raiju blinks!
The raiju barely misses you.
The raiju bursts into living lightning!
The living lightning hits you but does no damage.
The raiju blinks!
You block the raiju's attack.
The raiju bursts into living lightning!
The living lightning hits you!
* * * LOW HITPOINT WARNING * * *
The raiju blinks!
The raiju bursts into living lightning!
The living lightning misses you.
The raiju blinks!
The raiju bites you.
You die...

#....##...# .... .
.##..#.##..# .
##.......#.. .
#.#......... . .
#......# . . #.....##
... ###.h..####. ..
##....h..# .. .....
#.#...h@.#.. . .. .
###............. .
#...#.....h.......
#...##.##...#.#......
#....#.........#..
#.....#......## #
#....##.#....#
##.####......# #.
##.##


You could see 4 raiju.

Vanquished Creatures
  A two-headed ogre (D:11)
  A centaur warrior (D:10)
  A tengu warrior (D:9)
  Pikel (D:5)
  A manticore (D:9)
  A cyclops (D:11)
  Joseph (D:10)
  3 trolls
  Grinder (D:3)
  2 hippogriffs
  Sigmund (D:6)
  A spriggan (D:7)
  3 shadows
  2 wraiths
  A wyvern (D:9)
  10 yaks
  2 chaos spawn (D:9)
  A hungry ghost (D:11)
  Menkaure (D:5)
  Duvessa (D:5)
  3 slaves (D:5)
  5 sky beasts
  6 orc warriors
  2 ice beasts
  3 black bears
  A necrophage (D:9)
  3 ogres
  4 phantoms
  11 centaurs
  A big kobold (D:8)
  Blork the orc (D:6)
  8 bullfrogs
  Dowan (D:5)
  A small abomination (Abyss:3)
  A scorpion (D:6)
  A wyvern skeleton (D:6)
  4 howler monkeys
  A bullfrog zombie (D:11)
  2 centaur zombies
  3 crimson imps
  3 quasits
  4 jellies
  7 hounds
  5 orc priests
  A centaur skeleton (D:6)
  14 orc wizards
  A bullfrog skeleton (D:9)
  3 iguanas
  4 worker ants
  A killer bee zombie (D:8)
  3 mummies (Ossuary)
  A worker ant zombie (D:9)
  13 adders
  2 shadow imps (D:6)
  2 oozes (D:4)
  3 adder skeletons
  2 adder zombies
  2 dart slugs
  A worm (D:3)
  7 leopard geckos
  27 orcs
  6 giant cockroaches
  6 goblins
  3 hobgoblins (D:1)
  7 jackals
  2 quokkas (D:7)
  A ball python (D:6)
  7 bats
  A frilled lizard (D:1)
  3 goblin zombies
  A hobgoblin zombie (Ossuary)
  A jackal skeleton (D:7)
  A jackal zombie (D:5)
  11 kobolds
  4 kobold zombies (Ossuary)
  3 leopard gecko skeletons
  A rat (D:3)
262 creatures vanquished.

Vanquished Creatures (others)
  2 centaurs
  A withered plant (D:8)
3 creatures vanquished.

Grand Total: 265 creatures vanquished

Notes
Turn   | Place    | Note
-------+----------+-------------------------------------------
     0 | D:1      | MTVSty1e the Minotaur Fighter began the quest for the Orb.
     0 | D:1      | Reached XP level 1. HP: 19/19 MP: 0/0
   115 | D:1      | Reached skill level 3 in Axes
   131 | D:1      | Reached XP level 2. HP: 27/27 MP: 1/1
  1072 | D:2      | Reached XP level 3. HP: 26/33 MP: 2/2
  1264 | D:3      | Reached skill level 4 in Axes
  1401 | D:3      | Found a blossoming altar of Fedhas.
  1463 | D:3      | Found a faded altar of an unknown god.
  1475 | D:3      | Reached XP level 4. HP: 30/41 MP: 3/3
  1748 | D:3      | Noticed Grinder
  1748 | D:3      | Paralysed by Grinder for 2 turns
  1775 | D:3      | Killed Grinder
  1775 | D:3      | Reached skill level 5 in Fighting
  1775 | D:3      | Reached skill level 6 in Axes
  1775 | D:3      | Reached XP level 5. HP: 26/48 MP: 4/4
  1775 | D:3      | Reached XP level 6. HP: 31/56 MP: 5/5
  2362 | D:4      | Found a shattered altar of Ashenzari.
  2362 | D:4      | Found a burning altar of Makhleb.
  2370 | D:4      | Found a radiant altar of Vehumet.
  2372 | D:4      | Found a deep blue altar of Sif Muna.
  2374 | D:4      | Found a basalt altar of Yredelemnul.
  2423 | D:4      | Reached skill level 7 in Axes
  2670 | D:4      | Found a sand-covered staircase.
  2679 | Ossuary  | Entered an ossuary
  2679 | Ossuary  | Noticed a wraith
  2679 | Ossuary  | Noticed a wraith
  2679 | Ossuary  | Noticed a wraith
  2788 | Ossuary  | Noticed a wraith
  2815 | Ossuary  | Killed a wraith
  2815 | Ossuary  | Reached skill level 8 in Axes
  2815 | Ossuary  | Reached XP level 7. HP: 22/64 MP: 6/6
  3420 | D:4      | Found Fusmebij's Antique Armour Boutique.
  3601 | D:5      | Entered Level 5 of the Dungeon
  3858 | D:5      | Found a sparkling altar of Nemelex Xobeh.
  3860 | D:5      | Found a bloodstained altar of Trog.
  3999 | D:5      | Noticed Menkaure
  4407 | D:5      | Killed Menkaure
  4407 | D:5      | Reached skill level 9 in Axes
  4435 | D:5      | Noticed Duvessa
  4436 | D:5      | Noticed Dowan
  4440 | D:5      | Killed Duvessa
  4440 | D:5      | Reached XP level 8. HP: 73/73 MP: 7/7
  4443 | D:5      | Killed Dowan
  4495 | D:5      | Noticed Pikel
  4514 | D:5      | Killed Pikel
  4514 | D:5      | Reached skill level 10 in Axes
  5237 | D:6      | Noticed Blork the orc
  5259 | D:6      | Reached skill level 11 in Axes
  5263 | D:6      | Killed Blork the orc
  5557 | D:6      | Reached XP level 9. HP: 73/82 MP: 8/8
  5573 | D:6      | Noticed Sigmund
  5580 | D:6      | Killed Sigmund
  5695 | D:6      | Found a staircase to the Ecumenical Temple.
  5753 | D:6      | Reached skill level 12 in Axes
  5929 | Temple   | Entered the Ecumenical Temple
  6089 | Temple   | Became a worshipper of Warmaster Okawaru
  7110 | D:7      | Reached skill level 10 in Fighting
  7158 | D:7      | Reached skill level 13 in Axes
  7261 | D:7      | Reached * piety under Okawaru
  7676 | D:8      | Reached XP level 10. HP: 94/94 MP: 9/9
  7710 | D:8      | Found an ancient bone altar of Kikubaaqudgha.
  7930 | D:8      | Reached ** piety under Okawaru
  8011 | D:8      | Reached skill level 14 in Axes
  8612 | D:9      | Noticed a tengu warrior
  8625 | D:9      | Killed a tengu warrior
  8625 | D:9      | Reached *** piety under Okawaru
  8634 | D:9      | Reached skill level 15 in Axes
  8755 | D:9      | Noticed a manticore
  8764 | D:9      | Killed a manticore
  8775 | D:9      | Reached **** piety under Okawaru
  8792 | D:9      | Got a vibrating bronze amulet
  8795 | D:9      | Got a vibrating copper amulet
  9031 | D:9      | Got a pitted ivory ring
  9034 | D:9      | Got a crude glass ring
  9083 | D:9      | Found the +7 mace of Variability {chain chaos}
  9085 | D:9      | Found a shimmering altar of Xom.
 10081 | D:10     | Entered Level 10 of the Dungeon
 10093 | D:10     | Reached XP level 11. HP: 79/104 MP: 10/10
 10413 | D:9      | Lost intelligence.
 10413 | D:9      | Identified the ring of Xom's Best Wishes {rF+ rN++ Int-5}
                  | (You found it on level 9 of the Dungeon)
 10419 | D:9      | Identified the ring of the Lonely Yaks {*Corrode +Inv Str+2
                  | Stlth+} (You found it on level 9 of the Dungeon)
 10587 | D:10     | Reached skill level 16 in Axes
 10657 | D:10     | Noticed Joseph
 10657 | D:10     | Noticed a centaur warrior
 10706 | D:10     | Killed Joseph
 10706 | D:10     | Reached ***** piety under Okawaru
 10793 | D:10     | Identified the amulet of the Moon {Gourm rPois Str+3 Dex+3}
                  | (You found it on level 9 of the Dungeon)
 10946 | D:10     | Killed a centaur warrior
 10946 | D:10     | Received a gift from Okawaru
 11042 | D:10     | Identified the amulet "Iginemee" {Gourm rElec Stlth+} (You
                  | found it on level 9 of the Dungeon)
 11243 | D:11     | Found a staircase to the Lair.
 11580 | D:11     | Reached skill level 17 in Axes
 11835 | D:11     | Noticed a two-headed ogre
 12577 | D:11     | Killed a two-headed ogre
 12728 | D:11     | Cast into level 2 of the Abyss (orc warrior)
 12831 | Abyss:3  | HP: 2/107 [raiju/living lightning (13)]
 12832 | Abyss:3  | Slain by a raiju

Skill      XL: |  1  2  3  4  5  6  7  8  9 10 11 |
---------------+----------------------------------+-----
Axes           | 3 4 6 8 9 11 13 15 17 | 17.5
Fighting       | 4 5 6 7 8 10 12 13 | 13.3
Armour         | |  3.6
Shields        | |  3.6

Action                   |  1- 3 |  4- 6 |  7- 9 | 10-12 || total
-------------------------+-------+-------+-------+-------++-------
Melee: War axe           |    98 |   103 |   306 |   407 ||   914
       Headbutt          |     7 |    16 |    60 |    96 ||   179
Invok: Heroism           |       |       |       |     2 ||     2
  Use: Potion            |       |     1 |     1 |     1 ||     3
       Scroll            |       |       |    15 |     6 ||    21
  Eat: Chunk             |     1 |       |     3 |     2 ||     6
       Ration            |       |     2 |     3 |     6 ||    11
Armor: Scale mail        |    42 |       |       |       ||    42
       Plate armour      |       |    42 |   148 |   182 ||   372
Dodge: Dodged            |    26 |    14 |    63 |   107 ||   210
       Deflected         |       |       |       |     9 ||     9
Block: Shield            |    70 |    44 |   156 |   248 ||   518
       Reflection        |       |       |    10 |     6 ||    16
